APL (24 & UNDER)
KENOSHA KINGFISH @ ATHENS ASSASSINS
04/14/2027
 
TOP OF THE 1ST
Kenosha Kingfish batting - Pitching for Athens Assassins : RHP Ole Moree
Pitching: RHP Ole Moree
Batting: RHB Manuel Gómez 0-0: Ball
1-0: Ball
2-0: Ball
3-0: Called Strike
3-1: Base on Balls
Batting: SHB John Beach 0-0: Ball
1-0: Ball
2-0: Called Strike
2-1: SINGLE (Groundball, 6MD)
Manuel Gómez to second
Runner from 2nd tries for 3rd, SAFE, no throw
Batting: LHB Jon Quinn 0-0: Called Strike
0-1: Ball
1-1: Foul Ball, location: 2F
1-2: Ball
2-2: Ball
3-2: SINGLE (Flyball, 78S)
Manuel Gómez scores
John Beach to second
John Beach to third
Batting: LHB Davey Casey 0-0: SINGLE (Groundball, 34) (infield hit)
John Beach scores
Jon Quinn to second
Batting: SHB Devin Smith 0-0: Ball
1-0: Swinging Strike
1-1: Called Strike
1-2: SINGLE (Flyball, 9LM)
Jon Quinn to third
Davey Casey to second
Batting: LHB Dusty Wilson 0-0: Ball
1-0: Swinging Strike
1-1: Foul Ball, location: 2F
1-2: Ball
2-2: Ball
3-2: Foul Ball, location: 2F
3-2: Base on Balls
Jon Quinn scores
Davey Casey to third
Devin Smith to second
Batting: RHB David Barker 0-0: SINGLE (Groundball, 6) (infield hit)
Davey Casey scores
Devin Smith to third
Dusty Wilson to second
Batting: RHB Bob Lee 0-0: Foul Ball, location: 2F
0-1: SINGLE (Flyball, 89S)
Devin Smith scores
Dusty Wilson to third
David Barker to second
Batting: RHB Tommy Davenport 0-0: Foul Ball, location: 2F
0-1: Called Strike
0-2: Foul Ball, location: 2F
0-2: SINGLE (Groundball, 56D)
Dusty Wilson scores
David Barker to third
Bob Lee to second
Batting: RHB Manuel Gómez 0-0: Ball
1-0: Called Strike
1-1: Ball
2-1: SINGLE (Flyball, 8LS)
David Barker scores
Bob Lee to third
Tommy Davenport to second
Runner from 3rd tries for Home, SAFE, no throw
Pitching: RHP Jorge Román
Batting: SHB John Beach 0-0: Called Strike
0-1: Ball
1-1: Called Strike
1-2: Strikes out looking
Batting: LHB Jon Quinn 0-0: Ball
1-0: Grounds into double play, 4-6-3 (Groundball, 4)
Top of the 1st over - 8 run(s), 8 hit(s), 0 error(s), 1 left on base; Kenosha 8 - Athens 0
BOTTOM OF THE 1ST
Athens Assassins batting - Pitching for Kenosha Kingfish : LHP Dong-young Kang
Pitching: LHP Dong-young Kang
Batting: SHB Emílio Calvillo 0-0: Called Strike
0-1: SINGLE (Line Drive, 56)
Batting: RHB Alexander Barr 0-0: Called Strike
0-1: Ball
1-1: Called Strike
1-2: Ball
2-2: Foul Ball, location: 2F
2-2: Foul Ball, location: 2F
2-2: Fly out, F9 (Flyball, 89M)
Batting: RHB Jimmy King 0-0: Ball
1-0: Ball
2-0: Foul Ball, location: 2F
2-1: Ball
3-1: Grounds into double play, 6-4-3 (Groundball, 56)
Bottom of the 1st over - 0 run(s), 1 hit(s), 0 error(s), 0 left on base; Kenosha 8 - Athens 0
TOP OF THE 2ND
Kenosha Kingfish batting - Pitching for Athens Assassins : RHP Jorge Román
Batting: LHB Davey Casey 0-0: Ball
1-0: DOUBLE (Groundball, 3L)
Batting: SHB Devin Smith 0-0: Ball
1-0: Ball
2-0: Ball
3-0: Base on Balls
Batting: LHB Dusty Wilson 0-0: Called Strike
0-1: Foul Ball, location: 2F
0-2: Strikes out swinging
Batting: RHB David Barker 0-0: Called Strike
0-1: Grounds into double play, 5-4-3 (Groundball, 56)
Top of the 2nd over - 0 run(s), 1 hit(s), 0 error(s), 1 left on base; Kenosha 8 - Athens 0
BOTTOM OF THE 2ND
Athens Assassins batting - Pitching for Kenosha Kingfish : LHP Dong-young Kang
Batting: LHB Pedro Rodríguez 0-0: Called Strike
0-1: Ball
1-1: Fly out, F7 (Flyball, 7D)
Batting: RHB Luis Méndez 0-0: Called Strike
0-1: Foul Ball, location: 2F
0-2: Fly out, F9 (Flyball, 89M)
Batting: RHB Foster Hapgood 0-0: Ground out 4-3 (Groundball, 4)
Bottom of the 2nd over - 0 run(s), 0 hit(s), 0 error(s), 0 left on base; Kenosha 8 - Athens 0
TOP OF THE 3RD
Kenosha Kingfish batting - Pitching for Athens Assassins : RHP Jorge Román
Batting: RHB Bob Lee 0-0: Ball
1-0: Ball
2-0: Called Strike
2-1: Ball
3-1: Ground out 6-3 (Groundball, 6)
Batting: RHB Tommy Davenport 0-0: Ball
1-0: Ball
2-0: Ball
3-0: Base on Balls
Batting: RHB Manuel Gómez 0-0: Called Strike
0-1: Foul Ball, location: 2F
0-2: Ground out 5-3 (Groundball, 5S)
Tommy Davenport to second
Batting: SHB John Beach 0-0: Fly out, F9 (Line Drive, 89S)
Top of the 3rd over - 0 run(s), 0 hit(s), 0 error(s), 1 left on base; Kenosha 8 - Athens 0
BOTTOM OF THE 3RD
Athens Assassins batting - Pitching for Kenosha Kingfish : LHP Dong-young Kang
Batting: LHB George Flanagan 0-0: Foul Ball, location: 2F
0-1: Ground out 3-1 (Groundball, 34S)
Batting: RHB Jorge Loanos 0-0: Ball
1-0: Ball
2-0: Foul Ball, location: 2F
2-1: Ball
3-1: Fly out, F7 (Flyball, 7LM)
Batting: SHB Félix Montoya 0-0: SINGLE (Line Drive, 89S)
Batting: SHB Emílio Calvillo 0-0: Called Strike
0-1: Ball
1-1: Called Strike
1-2: Ball
2-2: Fly out, F8 (Flyball, 8RS)
Bottom of the 3rd over - 0 run(s), 1 hit(s), 0 error(s), 1 left on base; Kenosha 8 - Athens 0
TOP OF THE 4TH
Kenosha Kingfish batting - Pitching for Athens Assassins : RHP Jorge Román
Batting: LHB Jon Quinn 0-0: Swinging Strike
0-1: SINGLE (Flyball, 7LS)
Batting: LHB Davey Casey 0-0: Called Strike
0-1: Ball
1-1: Called Strike
1-2: Ball
2-2: Ball
3-2: Foul Ball, location: 2F
3-2: Foul Ball, location: 2F
3-2: DOUBLE (Groundball, 3L)
Jon Quinn to third
Batting: SHB Devin Smith 0-0: Foul Ball, location: 2F
0-1: Swinging Strike
0-2: Ball
1-2: Strikes out swinging
Pitching: RHP Ramiro Sierra
Batting: LHB Dusty Wilson 0-0: Ball
1-0: Ball
2-0: Foul Ball, location: 2F
2-1: Ball
3-1: Called Strike
3-2: Strikes out swinging
Batting: RHB David Barker 0-0: Fly out, F7 (Line Drive, 7S)
Top of the 4th over - 0 run(s), 2 hit(s), 0 error(s), 2 left on base; Kenosha 8 - Athens 0
BOTTOM OF THE 4TH
Athens Assassins batting - Pitching for Kenosha Kingfish : LHP Dong-young Kang
Batting: RHB Alexander Barr 0-0: Called Strike
0-1: SINGLE (Line Drive, 7S)
Batting: RHB Jimmy King 0-0: Ball
1-0: Foul Ball, location: 2F
1-1: Ball
2-1: Ball
3-1: Foul Ball, location: 2F
3-2: DOUBLE (Line Drive, 78D)
Alexander Barr to third
Batting: LHB Pedro Rodríguez 0-0: Ball
1-0: 3-RUN HOME RUN (Flyball, 8LXD), Distance : 405 ft
Batting: RHB Luis Méndez 0-0: SOLO HOME RUN (Flyball, 89XD), Distance : 412 ft
Batting: RHB Foster Hapgood 0-0: Ball
1-0: Swinging Strike
1-1: Foul Ball, location: 2F
1-2: Foul Ball, location: 2F
1-2: Ground out 5-3 (Groundball, 56)
Batting: LHB George Flanagan 0-0: Ball
1-0: Ball
2-0: Ball
3-0: Base on Balls
Batting: RHB Jorge Loanos 0-0: Ball
Throwing error on steal attempt, E2
George Flanagan to third
1-0: Fly out, F9 (Line Drive, 9)
Runner from 3rd tags up, SCORES, no throw
Batting: SHB Félix Montoya 0-0: Ball
1-0: Called Strike
1-1: Swinging Strike
1-2: Strikes out swinging
Bottom of the 4th over - 5 run(s), 4 hit(s), 1 error(s), 0 left on base; Kenosha 8 - Athens 5
TOP OF THE 5TH
Kenosha Kingfish batting - Pitching for Athens Assassins : RHP Ramiro Sierra
Batting: RHB Bob Lee 0-0: Ball
1-0: Foul Ball, location: 2F
1-1: DOUBLE (Line Drive, 78D)
Batting: RHB Tommy Davenport 0-0: Called Strike
0-1: Ball
1-1: Called Strike
1-2: Ball
2-2: Strikes out looking
Batting: RHB Manuel Gómez 0-0: Fly out, F7 (Flyball, 78M)
Batting: SHB John Beach 0-0: Ball
1-0: Ball
2-0: Ball
3-0: Base on Balls
Batting: LHB Jon Quinn 0-0: Ball
1-0: Called Strike
1-1: Swinging Strike
1-2: Foul Ball, location: 2F
1-2: Foul Ball, location: 2F
1-2: Foul Ball, location: 2F
1-2: Strikes out swinging
Top of the 5th over - 0 run(s), 1 hit(s), 0 error(s), 2 left on base; Kenosha 8 - Athens 5
BOTTOM OF THE 5TH
Athens Assassins batting - Pitching for Kenosha Kingfish : LHP Dong-young Kang
Pitching: RHP Aubrey Hudson
Batting: SHB Emílio Calvillo 0-0: Foul Ball, location: 2F
0-1: Ball
1-1: Bunted foul
1-2: Ball
2-2: Ball
3-2: Base on Balls
Batting: RHB Alexander Barr 0-0: Ball
1-0: Foul Ball, location: 2F
1-1: Foul Ball, location: 2F
1-2: Ball
2-2: Foul Ball, location: 2F
2-2: SINGLE (Groundball, 5L) (infield hit)
Emílio Calvillo to second
Batting: RHB Jimmy King 0-0: Ball
1-0: SINGLE (Groundball, 56D)
Emílio Calvillo to third
Alexander Barr to second
Runner from 3rd tries for Home, SAFE, no throw
Batting: LHB Pedro Rodríguez 0-0: Swinging Strike
0-1: Grounds into double play, 5-4-3 (Groundball, 56)
Alexander Barr to third
Batting: RHB Luis Méndez 0-0: Fly out, F9 (Flyball, 9LM)
Bottom of the 5th over - 1 run(s), 2 hit(s), 0 error(s), 1 left on base; Kenosha 8 - Athens 6
TOP OF THE 6TH
Kenosha Kingfish batting - Pitching for Athens Assassins : RHP Ramiro Sierra
Batting: LHB Davey Casey 0-0: Foul Ball, location: 2F
0-1: Fly out, F2 (Popup, 23)
Batting: SHB Devin Smith 0-0: Fly out, F6 (Line Drive, 6D)
Batting: LHB Dusty Wilson 0-0: SINGLE (Line Drive, 56)
Batting: RHB David Barker 0-0: Ball
1-0: Ball
2-0: Ball
3-0: Called Strike
3-1: Called Strike
3-2: Strikes out looking
Top of the 6th over - 0 run(s), 1 hit(s), 0 error(s), 1 left on base; Kenosha 8 - Athens 6
BOTTOM OF THE 6TH
Athens Assassins batting - Pitching for Kenosha Kingfish : RHP Aubrey Hudson
Batting: RHB Foster Hapgood 0-0: Foul Ball, location: 2F
0-1: Foul Ball, location: 2F
0-2: Fly out, F8 (Flyball, 8RM)
Batting: LHB George Flanagan 0-0: Called Strike
0-1: Swinging Strike
0-2: Strikes out swinging
Batting: RHB Jorge Loanos 0-0: Foul Ball, location: 2F
0-1: Ball
1-1: Foul Ball, location: 2F
1-2: Ball
2-2: Strikes out looking
Bottom of the 6th over - 0 run(s), 0 hit(s), 0 error(s), 0 left on base; Kenosha 8 - Athens 6
TOP OF THE 7TH
Kenosha Kingfish batting - Pitching for Athens Assassins : RHP Ramiro Sierra
Batting: RHB Bob Lee 0-0: SOLO HOME RUN (Flyball, 9LD), Distance : 355 ft
Batting: RHB Tommy Davenport 0-0: Ball
1-0: Ball
2-0: Foul Ball, location: 2F
2-1: Ball
3-1: Base on Balls
Batting: RHB Manuel Gómez 0-0: Bunted foul
0-1: Sac Bunt - play at first, batter OUT! 1-4
Tommy Davenport to second
Pitching: RHP Juan Carlos Guerrero
Batting: SHB John Beach 0-0: Foul Ball, location: 2F
0-1: Ball
1-1: Foul Ball, location: 2F
1-2: Ground out 3-1 (Groundball, 34)
Tommy Davenport to third
Batting: LHB Jon Quinn 0-0: Called Strike
0-1: Swinging Strike
0-2: Ball
1-2: Ball
2-2: Ball
3-2: Base on Balls
Batting: LHB Davey Casey 0-0: Swinging Strike
0-1: Called Strike
0-2: Ball
1-2: SINGLE (Groundball, 4MD)
Tommy Davenport scores
Jon Quinn to second
Batting: SHB Devin Smith 0-0: Ball
Wild Pitch!
Jon Quinn to third
Davey Casey to second
1-0: Foul Ball, location: 2F
1-1: Called Strike
1-2: Strikes out swinging
Top of the 7th over - 2 run(s), 2 hit(s), 0 error(s), 2 left on base; Kenosha 10 - Athens 6
BOTTOM OF THE 7TH
Athens Assassins batting - Pitching for Kenosha Kingfish : RHP Aubrey Hudson
Batting: SHB Félix Montoya 0-0: Called Strike
0-1: Swinging Strike
0-2: Ball
1-2: Ball
2-2: Foul Ball, location: 2F
2-2: Foul Ball, location: 2F
2-2: Strikes out swinging
Batting: SHB Emílio Calvillo 0-0: Swinging Strike
0-1: Ball
1-1: Ball
2-1: Called Strike
2-2: DOUBLE (Line Drive, 78M)
Batting: RHB Alexander Barr 0-0: Ball
1-0: Ball
2-0: Swinging Strike
2-1: Foul Ball, location: 2F
2-2: Ball
3-2: Strikes out swinging
Batting: RHB Jimmy King 0-0: Called Strike
0-1: Fly out, F9 (Flyball, 89S)
Bottom of the 7th over - 0 run(s), 1 hit(s), 0 error(s), 1 left on base; Kenosha 10 - Athens 6
TOP OF THE 8TH
Kenosha Kingfish batting - Pitching for Athens Assassins : RHP Juan Carlos Guerrero
Batting: LHB Dusty Wilson 0-0: Ball
1-0: Foul Ball, location: 2F
1-1: Ball
2-1: Swinging Strike
2-2: Foul Ball, location: 2F
2-2: SINGLE (Line Drive, 34)
Batting: RHB David Barker 0-0: Bunted foul
0-1: Sac Bunt - play at first, batter OUT! 2-4
Dusty Wilson to second
Batting: RHB Bob Lee 0-0: Called Strike
0-1: Called Strike
0-2: Ball
1-2: Ball
2-2: Strikes out swinging
Batting: RHB Tommy Davenport 0-0: Ball
1-0: Ball
2-0: Ball
3-0: Called Strike
3-1: Base on Balls
Pitching: LHP Desi Wells
Batting: RHB Manuel Gómez 0-0: Ball
1-0: Foul Ball, location: 2F
1-1: Foul Ball, location: 2F
1-2: Ball
2-2: Foul Ball, location: 2F
2-2: Fly out, F8 (Line Drive, 8RM)
Top of the 8th over - 0 run(s), 1 hit(s), 0 error(s), 2 left on base; Kenosha 10 - Athens 6
BOTTOM OF THE 8TH
Athens Assassins batting - Pitching for Kenosha Kingfish : RHP Aubrey Hudson
Pitching: LHP Javier Robles
Batting: LHB Pedro Rodríguez 0-0: Swinging Strike
0-1: Called Strike
0-2: Foul Ball, location: 2F
0-2: Foul Ball, location: 2F
0-2: Ball
1-2: Ball
2-2: Foul Ball, location: 2F
2-2: Ball
3-2: Base on Balls
Batting: RHB Luis Méndez 0-0: Ball
1-0: Called Strike
1-1: Ball
2-1: Fly out, F4 (Popup, 4)
Batting: RHB Foster Hapgood 0-0: Ball
1-0: Swinging Strike
1-1: Called Strike
1-2: Ball
2-2: Strikes out looking
Batting: LHB George Flanagan 0-0: Ball
1-0: Foul Ball, location: 2F
1-1: Ball
2-1: Fielders Choice at 2nd, 6-4 (Groundball, 6)
Bottom of the 8th over - 0 run(s), 0 hit(s), 0 error(s), 0 left on base; Kenosha 10 - Athens 6
TOP OF THE 9TH
Kenosha Kingfish batting - Pitching for Athens Assassins : LHP Desi Wells
Batting: SHB John Beach 0-0: Ball
1-0: Swinging Strike
1-1: Ball
2-1: Ball
3-1: Called Strike
3-2: SINGLE (Line Drive, 6MD)
Batting: LHB Jon Quinn 0-0: Swinging Strike
0-1: Ball
1-1: Foul Ball, location: 2F
1-2: Fly out, F9 (Flyball, 89D)
Batting: LHB Davey Casey 0-0: Fly out, F7 (Flyball, 78S)
Batting: SHB Devin Smith 0-0: Swinging Strike
0-1: Foul Ball, location: 2F
0-2: Ball
1-2: Fly out, F9 (Flyball, 9S)
Top of the 9th over - 0 run(s), 1 hit(s), 0 error(s), 1 left on base; Kenosha 10 - Athens 6
BOTTOM OF THE 9TH
Athens Assassins batting - Pitching for Kenosha Kingfish : LHP Javier Robles
Batting: RHB Jorge Loanos 0-0: Foul Ball, location: 2F
0-1: SINGLE (Line Drive, 6M)
Batting: SHB Félix Montoya 0-0: Foul Ball, location: 2F
0-1: Called Strike
0-2: Ball
1-2: Strikes out looking
Batting: SHB Emílio Calvillo 0-0: Called Strike
0-1: Ball
1-1: Called Strike
1-2: Ball
2-2: Ground out 5-3 (Groundball, 56S)
Jorge Loanos to second
Batting: RHB Alexander Barr 0-0: Ball
1-0: Ball
2-0: Foul Ball, location: 2F
2-1: Fly out, F3 (Line Drive, 3)
Bottom of the 9th over - 0 run(s), 1 hit(s), 0 error(s), 1 left on base; Kenosha 10 - Athens 6
Thursday, March 30th, 2017 - OOTP Baseball 17.12 Build 75